 Dungeon Crawl Stone Soup version 0.25.1-2-g60ff931df9 (webtiles) character file.

Game seed: 7638197122925696384

8910 hawla the Tainter (level 11, -2/73 (74) HPs)
             Began as a Pale Draconian Venom Mage on Nov 12, 2020.
             Was a Priest of Vehumet.
             Slain by Urug
             ... wielding a +3 eveningstar
              (34 damage)
             ... on level 10 of the Dungeon.
             The game lasted 00:47:55 (12730 turns).

hawla the Tainter (Pale Draconian Venom Mage)      Turns: 12730, Time: 00:47:55

HP:   -2/73 (74)    AC: 16    Str: 17    XL:     11   Next: 16%
MP:   1/14          EV: 12    Int: 26    God:    Vehumet [***...]
Gold: 381           SH:  0    Dex: 11    Spells: 2/14 levels left

rFire    + + .     SeeInvis .   p - +3 Elemental Staff {rElec rF++ rC++ MR++ AC+5}
rCold    + + .     Gourm    .   (no shield)
rNeg     . . .     Faith    .   (armour unavailable)
rPois    +         Spirit   .   C - +2 hat
rElec    +         Reflect  .   (no cloak)
rCorr    .         Harm     .   x - +0 pair of gloves
MR       ++++.                  s - +0 pair of boots
Stlth    ++........             r - amulet of magic regeneration
HPRegen  0.22/turn              a - ring of protection from magic
MPRegen  0.39/turn              w - ring of Leaves {rPois Str+6 Int+5}

@: no status effects
A: breathe steam, unfitting armour, clever 1, magic resistance 1, cold-blooded,
AC +7
a: Breathe Steam, Renounce Religion


You were on level 10 of the Dungeon.
You worshipped Vehumet.
Vehumet was most pleased with you.
You were hungry.

You visited 2 branches of the dungeon, and saw 11 of its levels.

You collected 2373 gold pieces.
You spent 1992 gold pieces at shops.

Inventory:

Hand Weapons
 p - the +3 Elemental Staff (weapon) {rElec rF++ rC++ MR++ AC+5}
   (You bought it in a shop on level 7 of the Dungeon)

   It affects your AC (+5).
   It greatly protects you from fire.
   It greatly protects you from cold.
   It insulates you from electricity.
   It affects your resistance to hostile enchantments.
Missiles
 z - 7 boomerangs (quivered)
Armour
 s - a +0 pair of boots (worn)
 x - a +0 pair of gloves (worn)
 C - a +2 hat (worn)
Jewellery
 a - a ring of protection from magic (left hand)
 o - a +6 ring of dexterity
 r - an amulet of magic regeneration (around neck)
 w - the ring of Leaves (right hand) {rPois Str+6 Int+5}
   (You found it on level 7 of the Dungeon)

   [ring of strength]

   It affects your strength (+6).
   It affects your intelligence (+5).
   It protects you from poison.
Wands
 e - a wand of paralysis (7)
 g - a wand of enslavement (7)
 l - a wand of random effects (18)
 y - a wand of flame (23)
Scrolls
 c - 4 scrolls of enchant weapon
 i - a scroll of enchant armour
 j - 4 scrolls of amnesia
 k - 3 scrolls of magic mapping
 n - 2 scrolls of fog
 t - 3 scrolls of teleportation
 v - 3 scrolls of remove curse
Potions
 d - a potion of stabbing
 f - 4 potions of curing
 h - 2 potions of berserk rage
 q - 2 potions of cancellation
 u - 2 potions of invisibility
 A - a potion of lignification
Comestibles
 b - 13 rations


   Skills:
   Level 1.5 Short Blades
 - Level 1.9 Staves
 - Level 1.7 Dodging
 - Level 1.7 Stealth
 - Level 2.3 Spellcasting
 + Level 4.9 Conjurations
 + Level 7.5 Transmutations
 + Level 6.7 Fire Magic
 + Level 8.7 Air Magic
 + Level 9.8 Poison Magic
 + Level 4.9 Evocations


You had 2 spell levels left.
You knew the following spells:

 Your Spells              Type           Power        Failure   Level  Hunger
a - Foxfire               Conj/Fire      ####         1%          1    None
b - Poisonous Vapours     Pois/Air       ######       1%          2    ##.....
c - Olgreb's Toxic Radia  Pois           ######..     1%          4    ####...
d - Ignite Poison         Fire/Tmut/Pois ######..     1%          3    ###....
e - Searing Ray           Conj           ####..       1%          2    ##.....

Your spell library contained the following spells:

 Spells                   Type           Power        Failure   Level  Hunger
 Dazzling Flash           Conj/Hex       ###...       3%          3    ###....
 Magic Dart               Conj           ####         1%          1    None
 Sting                    Tmut/Pois      ####         1%          1    None
 Animate Skeleton         Necr           N/A          10%         1    None
 Apportation              Tloc           #.....       10%         1    None
 Corona                   Hex            #......      10%         1    None
 Summon Small Mammal      Summ           #...         10%         1    None
 Blink                    Tloc           N/A          16%         2    ##.....
 Call Imp                 Summ           #.......     16%         2    ##.....
 Slow                     Hex            #.......     16%         2    ##.....
 Conjure Flame            Conj/Fire      ######..     1%          3    ###....
 Mephitic Cloud           Conj/Pois/Air  ######..     1%          3    ###....
 Irradiate                Conj/Tmut      #####.....   6%          5    ######.
 Summon Lightning Spire   Summ/Air       #####...     17%         4    ####...
 Call Canine Familiar     Summ           #.......     30%         3    ###....
 Summon Guardian Golem    Hex/Summ       #.......     30%         3    ###....
 Hydra Form               Tmut           #####.....   56%         6    #######
 Summon Ice Beast         Ice/Summ       #.......     69%         4    ####...
 Statue Form              Tmut/Erth      ####.....    97%         6    #######
 Dragon Form              Tmut           #####.....   98%         7    #######


Dungeon Overview and Level Annotations

Branches:
Dungeon (10/15)            Temple (1/1) D:5
   Lair: D:8-11         Orc: D:9-12

Altars:
Ashenzari
Cheibriados
Dithmenos
Elyvilon
Fedhas
Gozag
Hepliaklqana
Kikubaaqudgha
Makhleb
Nemelex Xobeh
Okawaru
Qazlal
Ru
Sif Muna
Trog
Uskayaw
Vehumet
Wu Jian
Xom
Yredelemnul
Zin
The Shining One

Shops:
D:5 (   D:6 [   D:7 (

Annotations:
D:5 1 runed translucent door, Crazy Yiuf
D:8 Psyche
D:10 Urug


Innate Abilities, Weirdness & Mutations

You can breathe blasts of scalding, opaque steam.
Your pale cyan-grey scales are hard. (AC +7)
You cannot fit into any form of body armour.
You are cold-blooded and may be slowed by cold attacks.
Your mind is acute. (Int +2)
You are resistant to hostile enchantments. (MR+)


Message History

Urug is engulfed in poison gas.
Urug looks even sicker.
Urug drinks a potion.
Urug goes berserk!
Casting: Poisonous Vapours (safe; 1% risk of failure)
Confirm with . or Enter, or press ? or * to list all spells.
You feel a surge of power!
You ignite the poison in your surroundings!
Urug seems to burn from within!
Urug is almost dead.
Casting: Ignite Poison (safe; 1% risk of failure)
Confirm with . or Enter, or press ? or * to list all spells.
Aiming: Poisonous Vapours (safe; 1% risk of failure)
Press: ? - help, Dir - move target cursor, f/p - Urug
Aim: Urug, wielding a +3 eveningstar and wearing a +0 chain mail (almost dead, berserk)
You feel a surge of power!
Poisonous vapours surround Urug!
Urug is engulfed in poison gas.
Urug is poisoned.
Urug hits you with a +3 eveningstar!
You hit Urug but do no damage.
Urug is almost dead.
Urug hits you with a +3 eveningstar!!
You die...

#.# #.# #.# #.# #.#
############.###########
........................ ........
........................ ........
.......@o°..############ .......#
##########..# .......# #..#
.......# #..# .......# #..#
.......############..############
...)o§)(..(.o.....(...)..........
....§......................†.....
.....§...........................


You could see Urug (berserk, poisoned).

Vanquished Creatures
  Snorg (D:10)
  2 two-headed ogres
  An unseen horror (D:10)
  Pikel (D:4)
  A deep elf mage (D:9)
  Grinder (D:5)
  3 hippogriffs
  Sigmund (D:6)
  A wyvern (D:9)
  2 water moccasins
  An orc warrior (D:10)
  A phantom (D:8)
  4 sky beasts
  3 necrophages (D:10)
  2 eyes of draining (D:9)
  4 ogres
  3 centaurs
  Blork the orc (D:5)
  A big kobold (D:7)
  A gnoll sergeant (D:8)
  4 bullfrogs
  2 scorpions (D:9)
  10 killer bees
  A howler monkey (D:6)
  5 wights (D:9)
  3 crimson imps
  2 bullfrog zombies
  3 jellies
  A bullfrog skeleton (D:10)
  2 gnoll shamans
  5 hounds
  6 orc priests
  Jessica (D:3)
  Ijyb (D:3)
  3 orc wizards
  6 worker ants
  3 hound skeletons
  A hound zombie (D:6)
  2 worker ant zombies
  A howler monkey zombie (D:7)
  18 gnolls
  2 howler monkey skeletons
  11 adders
  2 shadow imps
  An adder zombie (D:8)
  2 adder skeletons
  A worm (D:3)
  3 dart slugs
  4 leopard geckos
  28 orcs
  10 giant cockroaches
  10 goblins
  11 hobgoblins
  7 jackals
  2 quokkas
  A ball python (D:6)
  7 bats
  5 frilled lizards
  A jackal skeleton (D:4)
  10 kobolds
  2 quokka zombies
  8 rats
243 creatures vanquished.

Vanquished Creatures (others)
  2 slaves (D:4)
  A howler monkey (D:4)
  2 gnolls (D:4)
  77 foxfires
82 creatures vanquished.

Grand Total: 325 creatures vanquished

Notes
Turn   | Place    | Note
-------+----------+-------------------------------------------
     0 | D:1      | hawla the Draconian Venom Mage began the quest for the Orb.
     0 | D:1      | Reached XP level 1. HP: 14/14 MP: 3/3
   513 | D:1      | Reached XP level 2. HP: 10/20 MP: 0/5
   517 | D:1      | Learned a level 2 spell: Poisonous Vapours
  1413 | D:1      | Reached XP level 3. HP: 11/26 MP: 0/6
  1746 | D:2      | Reached skill level 4 in Poison Magic
  1961 | D:2      | Reached skill level 1 in Air Magic
  2621 | D:3      | Reached XP level 4. HP: 33/33 MP: 0/7
  2633 | D:3      | Learned a level 4 spell: Olgreb's Toxic Radiance
  2956 | D:3      | Found a burning altar of Makhleb.
  3138 | D:3      | Reached XP level 5. HP: 23/38 MP: 1/8
  3356 | D:3      | Reached skill level 5 in Poison Magic
  3615 | D:3      | Noticed Ijyb
  3640 | D:3      | Killed Ijyb
  3992 | D:3      | Found a shattered altar of Ashenzari.
  4151 | D:3      | Noticed Jessica
  4270 | D:3      | Killed Jessica
  4270 | D:3      | Reached XP level 6. HP: 45/45 MP: 2/9
  5155 | D:4      | Reached skill level 6 in Poison Magic
  5284 | D:4      | Noticed a slave
  5289 | D:4      | Noticed Pikel
  5289 | D:4      | Noticed a slave
  5289 | D:4      | Noticed a slave
  5289 | D:4      | Noticed a slave
  5308 | D:4      | Killed Pikel
  5308 | D:4      | Reached skill level 1 in Short Blades
  5308 | D:4      | Reached skill level 7 in Poison Magic
  5308 | D:4      | Your scales start taking on a pale cyan-grey colour.
  5308 | D:4      | Reached XP level 7. HP: 45/50 MP: 2/10
  5341 | D:4      | Learned a level 3 spell: Ignite Poison
  5705 | D:4      | Found a snail-covered altar of Cheibriados.
  5840 | D:4      | Reached XP level 8. HP: 57/57 MP: 3/11
  6034 | D:4      | Reached skill level 5 in Air Magic
  6250 | D:5      | Entered Level 5 of the Dungeon
  6254 | D:5      | Gained mutation: You are resistant to hostile enchantments.
                  | (MR+) [potion of mutation]
  6254 | D:5      | Gained mutation: Your mind is acute. (Int +2) [potion of
                  | mutation]
  6600 | D:5      | Found an ornate altar of the Wu Jian Council.
  6689 | D:5      | Found a staircase to the Ecumenical Temple.
  6698 | Temple   | Entered the Ecumenical Temple
  6706 | Temple   | Became a worshipper of Vehumet
  6832 | D:5      | Noticed Grinder
  6845 | D:5      | Killed Grinder
  6845 | D:5      | Reached skill level 1 in Fire Magic
  6937 | D:5      | Noticed Blork the orc
  6945 | D:5      | Killed Blork the orc
  7112 | D:5      | Found an iron altar of Okawaru.
  7159 | D:5      | Found Hevi's Antique Weapon Boutique.
  7319 | D:5      | Got a crude mace
  7320 | D:5      | Identified the cursed +0 mace of Onaog {speed, rN+ Dex+3}
                  | (You found it on level 5 of the Dungeon)
  7321 | D:5      | Found a runed translucent door.
  7322 | D:5      | Noticed Crazy Yiuf
  7677 | D:6      | Reached skill level 8 in Poison Magic
  7678 | D:6      | Identified a scroll of acquirement
  7678 | D:6      | Acquired 1940 gold pieces
  7728 | D:6      | Noticed Sigmund
  7731 | D:6      | Killed Sigmund
  7731 | D:6      | Reached skill level 5 in Transmutations
  8020 | D:6      | Found a glowing golden altar of the Shining One.
  8176 | D:6      | Reached XP level 9. HP: 57/62 MP: 12/12
  8221 | D:6      | Found Ymuon's Antique Armour Emporium.
  8255 | D:6      | Reached * piety under Vehumet
  8255 | D:6      | Offered knowledge of Foxfire by Vehumet.
  8259 | D:6      | Learned a level 1 spell: Foxfire
  8788 | D:7      | Got a scorched platinum ring
  8872 | D:7      | Reached skill level 1 in Conjurations
  8878 | D:7      | HP: 2/93 [hippogriff (6)]
  9188 | D:7      | Found a shimmering altar of Xom.
  9227 | D:7      | Found Qyheatt's Antique Weapon Shop.
  9230 | D:7      | Bought the +3 Elemental Staff {rElec rF++ rC++ MR++ AC+5}
                  | for 1992 gold pieces
  9230 | D:7      | Found the +3 Elemental Staff {rElec rF++ rC++ MR++ AC+5}
  9359 | Temple   | Identified the ring of Leaves {rPois Str+6 Int+5} (You
                  | found it on level 7 of the Dungeon)
  9690 | D:7      | Reached skill level 1 in Evocations
 10086 | D:8      | Noticed a two-headed ogre
 10099 | D:8      | Killed a two-headed ogre
 10099 | D:8      | Reached skill level 5 in Fire Magic
 10099 | D:8      | Reached skill level 9 in Poison Magic
 10290 | D:8      | Reached XP level 10. HP: 69/69 MP: 13/13
 10304 | D:8      | Found a stormy altar of Qazlal.
 10489 | D:8      | Reached ** piety under Vehumet
 10489 | D:8      | Offered knowledge of Searing Ray by Vehumet.
 10493 | D:8      | Learned a level 2 spell: Searing Ray
 10739 | D:8      | Noticed Psyche
 10863 | D:9      | Noticed a deep elf mage
 10876 | D:9      | Killed a deep elf mage
 10876 | D:9      | Reached skill level 1 in Staves
 11474 | D:9      | Found a glowing silver altar of Zin.
 11583 | D:9      | Offered knowledge of Dazzling Flash by Vehumet.
 12271 | D:10     | Entered Level 10 of the Dungeon
 12271 | D:10     | Noticed Snorg
 12279 | D:10     | Killed Snorg
 12540 | D:10     | Noticed a two-headed ogre
 12551 | D:10     | Killed a two-headed ogre
 12551 | D:10     | Reached *** piety under Vehumet
 12551 | D:10     | Reached XP level 11. HP: 74/74 MP: 6/14
 12593 | D:10     | Killed an unseen horror
 12698 | D:10     | Noticed Urug
 12730 | D:10     | Slain by Urug

Illustrated notes

Levels and vault maps discovered:
D:1:      psy_arrival_terrarium, layout_basic
D:2:      layout_rooms, corexii_item_surrounded_by_moat
D:3:      kennysheep_goblin_castle, layout_basic, evilmike_ruin_ashenzari,
          bloody_makhleb, uniq_jessica, uniq_ijyb
D:4:      layout_loops_ring, cheibriados_altar_1, first_ration, uniq_pikel
D:5:      layout_loops_corners, okawaru_gym_becter,
          minmay_temple_entry_drinking_statues, serial_shops,
          nicolae_shop_window_shopping, basic_altar, uniq_blork_the_orc,
          uniq_crazy_yiuf_cottage, uniq_grinder
D:6:      layout_gridville, nicolae_tso_swordbearing_angel, serial_shops, shop,
          uniq_sigmund
D:7:      layout_basic, old_standard_altar, serial_shops,
          nicolae_shop_behind_doors
D:8:      layout_loops_corners, overflow_temple_1_default, uniq_psyche
D:9:      layout_basic, zin_academy
D:10:     layout_long_grid, dpeg_lair_monsters, hangedman_fish_farm, uniq_urug,
          uniq_snorg
Temple:   eino_temple_lava

Skill      XL: |  1  2  3  4  5  6  7  8  9 10 |
---------------+-------------------------------+-----
Poison Magic   | 4 5 7 8 9 |  9.8
Air Magic      | 1 2 4 6 7 8 |  8.7
Transmutations | 2 3 5 6 7 |  7.5
Short Blades   | 1 |  1.5
Fire Magic     | 3 5 6 |  6.7
Conjurations   | 2 4 |  4.9
Evocations     | 2 4 |  4.9
Staves         | 1 |  1.9
Dodging        | |  1.7
Stealth        | |  1.7
Spellcasting   | |  2.3

Action                   |  1- 3 |  4- 6 |  7- 9 | 10-12 || total
-------------------------+-------+-------+-------+-------++-------
Melee: Unarmed           |    21 |    55 |       |       ||    76
       Tailslap          |     1 |     3 |    12 |    10 ||    26
       Dagger            |       |    27 |    76 |       ||   103
       Mace              |       |       |    14 |       ||    14
       Staff             |       |       |    23 |    62 ||    85
Throw: Dart              |       |     2 |     5 |       ||     7
       Boomerang         |       |       |       |     2 ||     2
 Cast: Sting             |    36 |    41 |    12 |       ||    89
       Poisonous Vapours |    31 |    41 |    52 |    35 ||   159
       Olgreb's Toxic Ra |       |     6 |    14 |    14 ||    34
       Ignite Poison     |       |       |    14 |    10 ||    24
       Foxfire           |       |       |    31 |    10 ||    41
       Searing Ray       |       |       |       |    31 ||    31
 Abil: Breathe Steam     |       |       |     1 |       ||     1
  Use: Potion            |     1 |     7 |     3 |     2 ||    13
       Scroll            |     6 |       |    13 |     3 ||    22
 Stab: Sleeping          |       |       |     2 |       ||     2
  Eat: Chunk             |     7 |    15 |    16 |    10 ||    48
       Ration            |       |       |     2 |     1 ||     3
Armor: Skin              |    14 |    60 |    90 |    61 ||   225
Dodge: Dodged            |    35 |    57 |    68 |    78 ||   238
